[ AOE2 MATCH · #506479286 ]
UnrankedPoles vs Ethiopians
Player's team · WIN
Rival team · LOSS
[ REPLAY ANALYSIS · EXTRACTED FROM THE RECORDED GAME ]
Feudal
9:15
Castle
19:50
Imperial
45:49
| APM avg | 57.9 |
| APM peak | 132 |
| eAPM avg | 30.2 |
| Villagers / military | 208 / 640 |
Focus
⚔️ 42.3% · 🌾 57.7%
Scout Cavalry ×315 · Knight ×223 · Spearman ×53 · Skirmisher ×26 · Archer ×7 · Battering Ram ×7
Feudal
11:56
Castle
19:44
Imperial
47:53
| APM avg | 53.6 |
| APM peak | 87 |
| eAPM avg | 32.1 |
| Villagers / military | 252 / 344 |
Focus
⚔️ 43.7% · 🌾 56.3%
Archer ×156 · Spearman ×73 · Camel Scout ×72 · Scout Cavalry ×14 · Mangonel ×8 · Trebuchet (Packed) ×7
Match map
Initial resources + every placement click. Lines = walls · curves = elevation contours. ◆ gold · ⬟ stone · ● berries · ✦ relic · ◌ wall gap
Your base· Open — opponent sealed themselves in
elbanovic's base· ✓ Closed at 19:44 · 53t walls · no gate
Smoothed initial terrain · ◌ = detected wall gap · hover for details
Inputs per minute
— christar123 ten - - elbanovic
Build order — christar123 ten
First 150 of 861 actions detected
| 0:00 | Create | Villager (Male) |
| 0:00 | Create | Villager (Male) |
| 0:01 | Create | Villager (Male) |
| 0:01 | Build | House |
| 0:02 | Build | House |
| 0:08 | Create | Villager (Male) |
| 1:26 | Create | Villager (Male) |
| 1:45 | Build | Lumber Camp |
| 1:57 | Create | Villager (Male) |
| 2:12 | Create | Villager (Male) |
| 2:44 | Create | Villager (Male) |
| 2:56 | Create | Villager (Male) |
| 3:29 | Build | Mill |
| 3:30 | Create | Villager (Male) |
| 3:53 | Create | Villager (Male) |
| 4:31 | Create | Villager (Male) |
| 4:59 | Create | Villager (Male) |
| 4:59 | Create | Villager (Male) |
| 5:16 | Create | Villager (Male) |
| 5:27 | Create | Villager (Male) |
| 6:17 | Research | Loom |
| 6:27 | Build | Mining Camp |
| 6:55 | Research | Feudal Age |
| 7:03 | Build | Palisade Wall |
| 7:05 | Build | Palisade Wall |
| 7:31 | Build | Barracks |
| 7:32 | Build | Palisade Wall |
| 7:36 | Create | Villager (Male) |
| 7:55 | Build | Palisade Wall |
| 7:55 | Build | Palisade Wall |
| 7:56 | Build | Palisade Wall |
| 7:58 | Build | Palisade Wall |
| 7:59 | Build | Palisade Wall |
| 8:17 | Build | House |
| 9:15 | Age | Feudal Age |
| 9:16 | Build | Archery Range |
| 9:22 | Research | Double-Bit Axe |
| 9:23 | Create | Villager (Male) |
| 9:25 | Create | Spearman |
| 9:57 | Build | House |
| 10:10 | Create | Archer |
| 10:10 | Create | Archer |
| 10:11 | Create | Villager (Male) |
| 10:15 | Build | Farm |
| 10:20 | Build | Mill |
| 10:35 | Create | Villager (Male) |
| 10:37 | Create | Archer |
| 10:38 | Create | Archer |
| 10:43 | Build | House |
| 10:59 | Create | Villager (Male) |
| 11:05 | Build | Blacksmith |
| 11:21 | Build | Farm |
| 11:22 | Build | Farm |
| 11:23 | Build | Farm |
| 11:33 | Build | Farm |
| 11:37 | Create | Villager (Male) |
| 11:37 | Create | Villager (Male) |
| 11:55 | Build | Farm |
| 12:08 | Build | House |
| 12:09 | Build | Palisade Wall |
| 12:10 | Create | Villager (Male) |
| 12:19 | Build | Farm |
| 12:32 | Create | Villager (Male) |
| 12:40 | Create | Archer |
| 12:41 | Create | Spearman |
| 12:58 | Build | Farm |
| 12:58 | Create | Villager (Male) |
| 13:10 | Create | Villager (Male) |
| 13:14 | Build | Mining Camp |
| 13:16 | Create | Villager (Male) |
| 13:25 | Create | Archer |
| 13:47 | Create | Villager (Male) |
| 13:49 | Build | Farm |
| 13:50 | Build | Farm |
| 14:08 | Create | Villager (Male) |
| 14:23 | Build | Farm |
| 14:48 | Create | Villager (Male) |
| 14:49 | Create | Villager (Male) |
| 14:49 | Create | Villager (Male) |
| 14:51 | Build | Farm |
| 15:17 | Create | Villager (Male) |
| 15:19 | Create | Archer |
| 15:33 | Build | Farm |
| 15:34 | Build | Farm |
| 15:39 | Build | Farm |
| 15:55 | Build | House |
| 15:56 | Build | House |
| 16:00 | Build | Farm |
| 16:10 | Build | Watch Tower |
| 16:18 | Build | House |
| 16:19 | Build | House |
| 16:22 | Build | House |
| 16:23 | Build | House |
| 16:24 | Build | House |
| 16:26 | Create | Villager (Male) |
| 16:36 | Create | Villager (Male) |
| 17:11 | Research | Castle Age |
| 17:25 | Build | House |
| 17:27 | Build | Palisade Wall |
| 17:43 | Build | Archery Range |
| 17:58 | Research | Fletching |
| 18:12 | Create | Villager (Male) |
| 18:25 | Create | Skirmisher |
| 18:53 | Research | Padded Archer Armor |
| 18:54 | Create | Skirmisher |
| 18:55 | Create | Skirmisher |
| 19:06 | Build | Farm |
| 19:07 | Research | Horse Collar |
| 19:09 | Create | Villager (Male) |
| 19:35 | Create | Skirmisher |
| 19:35 | Create | Skirmisher |
| 19:36 | Create | Villager (Male) |
| 19:50 | Age | Castle Age |
| 19:52 | Research | Elite Skirmisher (upgrade) |
| 19:53 | Research | Bodkin Arrow |
| 20:01 | Build | Town Center |
| 20:08 | Create | Villager (Male) |
| 20:14 | Build | Farm |
| 20:32 | Create | Skirmisher |
| 20:32 | Create | Skirmisher |
| 20:36 | Create | Villager (Male) |
| 20:40 | Research | Leather Archer Armor |
| 20:53 | Build | Watch Tower |
| 21:04 | Create | Villager (Male) |
| 21:05 | Build | Farm |
| 21:07 | Create | Villager (Male) |
| 21:16 | Create | Skirmisher |
| 21:41 | Create | Skirmisher |
| 21:41 | Create | Villager (Male) |
| 21:52 | Create | Skirmisher |
| 21:52 | Create | Skirmisher |
| 21:59 | Create | Villager (Male) |
| 22:05 | Build | Siege Workshop |
| 22:09 | Create | Villager (Male) |
| 22:25 | Create | Skirmisher |
| 22:26 | Create | Skirmisher |
| 22:33 | Create | Villager (Male) |
| 22:50 | Create | Villager (Male) |
| 22:59 | Build | Farm |
| 23:02 | Create | Mangonel |
| 23:03 | Create | Villager (Male) |
| 23:03 | Create | Villager (Male) |
| 23:20 | Create | Skirmisher |
| 23:20 | Create | Skirmisher |
| 23:26 | Create | Villager (Male) |
| 23:38 | Build | Farm |
| 23:42 | Build | Farm |
| 23:45 | Create | Villager (Male) |
| 23:50 | Research | Gold Mining |
| 23:53 | Create | Villager (Male) |
Build order — elbanovic
First 150 of 913 actions detected
| 0:00 | Create | Villager (Male) |
| 0:01 | Create | Villager (Male) |
| 0:01 | Create | Villager (Male) |
| 0:01 | Create | Villager (Male) |
| 0:01 | Create | Villager (Male) |
| 0:02 | Build | House |
| 0:03 | Build | House |
| 1:36 | Create | Villager (Male) |
| 1:55 | Create | Villager (Male) |
| 2:01 | Build | Lumber Camp |
| 2:21 | Create | Villager (Male) |
| 2:47 | Create | Villager (Male) |
| 2:48 | Create | Villager (Male) |
| 3:14 | Create | Villager (Male) |
| 3:41 | Create | Villager (Male) |
| 3:48 | Build | House |
| 4:04 | Create | Villager (Male) |
| 4:21 | Build | Barracks |
| 4:25 | Build | Palisade Wall |
| 4:26 | Build | Palisade Wall |
| 4:29 | Create | Villager (Male) |
| 4:47 | Create | Villager (Male) |
| 5:16 | Create | Villager (Male) |
| 5:18 | Build | House |
| 5:27 | Create | Militia |
| 5:36 | Create | Villager (Male) |
| 5:48 | Create | Militia |
| 5:55 | Build | House |
| 6:09 | Create | Militia |
| 6:24 | Build | Palisade Wall |
| 6:26 | Build | Palisade Wall |
| 6:26 | Create | Villager (Male) |
| 6:30 | Build | Palisade Wall |
| 6:31 | Build | Palisade Wall |
| 6:40 | Create | Villager (Male) |
| 6:43 | Create | Villager (Male) |
| 6:58 | Build | Mill |
| 7:13 | Create | Villager (Male) |
| 7:32 | Create | Villager (Male) |
| 7:57 | Build | Palisade Wall |
| 8:09 | Build | Palisade Wall |
| 8:11 | Create | Villager (Male) |
| 8:54 | Create | Villager (Male) |
| 8:55 | Research | Loom |
| 8:58 | Build | Palisade Wall |
| 8:59 | Build | Palisade Wall |
| 9:05 | Build | Palisade Wall |
| 9:12 | Build | Palisade Wall |
| 9:30 | Build | Lumber Camp |
| 9:35 | Research | Feudal Age |
| 10:09 | Create | Villager (Male) |
| 10:18 | Build | House |
| 10:34 | Build | Farm |
| 10:55 | Build | Mining Camp |
| 11:04 | Create | Villager (Male) |
| 11:27 | Build | Palisade Wall |
| 11:30 | Build | Palisade Wall |
| 11:32 | Build | Palisade Wall |
| 11:35 | Build | Palisade Wall |
| 11:37 | Build | Farm |
| 11:56 | Age | Feudal Age |
| 11:59 | Build | Archery Range |
| 11:59 | Research | Double-Bit Axe |
| 12:02 | Build | Farm |
| 12:06 | Build | Farm |
| 12:06 | Create | Villager (Male) |
| 12:25 | Create | Villager (Male) |
| 12:32 | Build | Farm |
| 12:36 | Build | Farm |
| 12:38 | Build | House |
| 12:39 | Create | Villager (Male) |
| 12:47 | Create | Villager (Male) |
| 12:51 | Build | Farm |
| 13:05 | Create | Villager (Male) |
| 13:08 | Create | Archer |
| 13:16 | Create | Archer |
| 13:19 | Create | Villager (Male) |
| 13:23 | Build | House |
| 13:32 | Create | Villager (Male) |
| 13:49 | Build | Blacksmith |
| 13:50 | Create | Archer |
| 13:51 | Create | Villager (Male) |
| 13:59 | Create | Villager (Male) |
| 14:19 | Build | Farm |
| 14:28 | Build | House |
| 14:30 | Create | Villager (Male) |
| 14:31 | Research | Fletching |
| 14:32 | Create | Archer |
| 14:39 | Build | Farm |
| 14:48 | Build | House |
| 15:06 | Create | Villager (Male) |
| 15:14 | Build | Palisade Wall |
| 15:31 | Create | Archer |
| 15:34 | Build | Farm |
| 15:38 | Create | Villager (Male) |
| 15:44 | Create | Archer |
| 15:45 | Build | Farm |
| 16:41 | Build | Archery Range |
| 17:04 | Research | Castle Age |
| 17:05 | Create | Archer |
| 17:13 | Build | Farm |
| 17:16 | Build | Mining Camp |
| 17:20 | Create | Archer |
| 17:39 | Create | Archer |
| 17:44 | Build | House |
| 17:45 | Create | Archer |
| 17:47 | Create | Archer |
| 17:51 | Research | Horse Collar |
| 18:06 | Build | Farm |
| 18:07 | Research | Padded Archer Armor |
| 18:12 | Create | Archer |
| 18:13 | Create | Archer |
| 18:17 | Create | Villager (Male) |
| 18:27 | Create | Archer |
| 18:44 | Create | Archer |
| 18:45 | Create | Archer |
| 18:49 | Create | Archer |
| 18:51 | Create | Villager (Male) |
| 18:57 | Research | Gold Mining |
| 19:03 | Create | Archer |
| 19:29 | Create | Archer |
| 19:44 | Age | Castle Age |
| 19:46 | Research | Crossbowman (upgrade) |
| 19:50 | Build | Palisade Wall |
| 19:57 | Build | Siege Workshop |
| 20:01 | Create | Villager (Male) |
| 20:02 | Build | Farm |
| 20:07 | Research | Bodkin Arrow |
| 20:09 | Create | Archer |
| 20:09 | Create | Archer |
| 20:22 | Create | Archer |
| 20:26 | Create | Villager (Male) |
| 20:29 | Research | Town Watch |
| 20:44 | Create | Archer |
| 20:44 | Create | Archer |
| 20:44 | Create | Archer |
| 20:55 | Build | House |
| 21:11 | Build | Farm |
| 21:15 | Create | Villager (Male) |
| 21:38 | Create | Villager (Male) |
| 21:43 | Research | Leather Archer Armor |
| 21:59 | Create | Villager (Male) |
| 22:09 | Build | Market |
| 22:16 | Build | House |
| 22:24 | Create | Archer |
| 22:25 | Build | Farm |
| 22:28 | Create | Villager (Male) |
| 22:33 | Create | Archer |
| 22:42 | Build | Farm |
| 22:57 | Create | Mangonel |
Match timeline
| 4:21 | elbanovic · first_building Barracks |
| 4:25 | elbanovic · wall_segment Palisade Wall x1 |
| 4:26 | elbanovic · wall_segment Palisade Wall x1 |
| 6:24 | elbanovic · wall_segment Palisade Wall x11 |
| 6:26 | elbanovic · wall_segment Palisade Wall x1 |
| 6:30 | elbanovic · wall_segment Palisade Wall x1 |
| 6:31 | elbanovic · wall_segment Palisade Wall x1 |
| 7:03 | christar123 ten · wall_segment Palisade Wall x1 |
| 7:05 | christar123 ten · wall_segment Palisade Wall x1 |
| 7:31 | christar123 ten · first_building Barracks |
| 7:32 | christar123 ten · wall_segment Palisade Wall x1 |
| 7:55 | christar123 ten · wall_segment Palisade Wall x1 |
| 7:55 | christar123 ten · wall_segment Palisade Wall x1 |
| 7:56 | christar123 ten · wall_segment Palisade Wall x1 |
| 7:57 | elbanovic · wall_segment Palisade Wall x6 |
| 7:58 | christar123 ten · wall_segment Palisade Wall x1 |
| 7:59 | christar123 ten · wall_segment Palisade Wall x1 |
| 8:09 | elbanovic · wall_segment Palisade Wall x7 |
| 8:58 | elbanovic · wall_segment Palisade Wall x1 |
| 8:59 | elbanovic · wall_segment Palisade Wall x1 |
| 9:05 | elbanovic · wall_segment Palisade Wall x6 |
| 9:12 | elbanovic · wall_segment Palisade Wall x11 |
| 9:15 | christar123 ten · age_up feudal |
| 9:16 | christar123 ten · first_building Archery Range |
| 11:27 | elbanovic · wall_segment Palisade Wall x1 |
| 11:30 | elbanovic · wall_segment Palisade Wall x1 |
| 11:32 | elbanovic · wall_segment Palisade Wall x2 |
| 11:35 | elbanovic · wall_segment Palisade Wall x1 |
| 11:56 | elbanovic · age_up feudal |
| 11:59 | elbanovic · first_building Archery Range |
| 12:09 | christar123 ten · wall_segment Palisade Wall x1 |
| 15:14 | elbanovic · wall_segment Palisade Wall x1 |
| 17:27 | christar123 ten · wall_segment Palisade Wall x3 |
| 19:44 | elbanovic · age_up castle |
| 19:50 | elbanovic · wall_segment Palisade Wall x1 |
| 19:50 | christar123 ten · age_up castle |
| 19:57 | elbanovic · first_building Siege Workshop |
| 22:05 | christar123 ten · first_building Siege Workshop |
| 22:56 | elbanovic · first_market_buy 100 wood |
| 24:50 | christar123 ten · wall_segment Palisade Wall x1 |
| 26:51 | elbanovic · first_market_sell 100 food |
| 27:59 | christar123 ten · first_market_buy 100 wood |
| 28:50 | christar123 ten · first_building Castle |
| 29:34 | christar123 ten · first_building Stable |
| 29:50 | christar123 ten · first_market_sell 100 wood |
| 32:27 | elbanovic · first_building Castle |
| 33:15 | elbanovic · first_building Stable |
| 34:28 | elbanovic · wall_segment Palisade Wall x9 |
| 34:35 | elbanovic · wall_segment Palisade Wall x1 |
| 34:36 | elbanovic · wall_segment Palisade Wall x1 |
| 34:37 | elbanovic · wall_segment Palisade Wall x1 |
| 34:38 | elbanovic · wall_segment Palisade Wall x1 |
| 36:21 | elbanovic · first_building Monastery |
| 37:31 | elbanovic · wall_segment Palisade Wall x1 |
| 38:59 | elbanovic · wall_segment Stone Wall x1 |
| 39:27 | elbanovic · wall_segment Palisade Wall x1 |
| 39:28 | elbanovic · wall_segment Palisade Wall x1 |
| 45:06 | elbanovic · wall_segment Stone Wall x1 |
| 45:08 | elbanovic · wall_segment Stone Wall x1 |
| 45:49 | christar123 ten · age_up imperial |
| 46:38 | elbanovic · wall_segment Palisade Wall x1 |
| 46:40 | elbanovic · wall_segment Stone Wall x1 |
| 46:41 | elbanovic · wall_segment Stone Wall x1 |
| 46:43 | elbanovic · wall_segment Stone Wall x1 |
| 46:46 | elbanovic · wall_segment Stone Wall x1 |
| 46:55 | elbanovic · wall_segment Stone Wall x1 |
| 47:53 | elbanovic · age_up imperial |
| 51:26 | elbanovic · wall_segment Palisade Wall x1 |
| 52:45 | elbanovic · wall_segment Stone Wall x1 |
| 52:52 | elbanovic · wall_segment Palisade Wall x1 |
| 52:53 | elbanovic · wall_segment Palisade Wall x1 |
| 54:14 | elbanovic · wall_segment Stone Wall x1 |
| 56:13 | elbanovic · wall_segment Stone Wall x1 |
| 56:14 | elbanovic · wall_segment Stone Wall x1 |
| 56:16 | elbanovic · wall_segment Stone Wall x1 |
| 56:19 | elbanovic · wall_segment Stone Wall x1 |
| 63:39 | elbanovic · wall_segment Stone Wall x1 |
| 64:30 | christar123 ten · first_building Monastery |
| 67:45 | elbanovic · wall_segment Stone Wall x1 |
| 67:46 | elbanovic · wall_segment Stone Wall x1 |
| 71:30 | elbanovic · resign |
[ AI ANALYSIS · 1 CREDIT ]
What really happened in this match?
Wolo.gg analyzes every decision: build order, eco, micro, common mistakes by bracket. Personalized analysis on WhatsApp or Discord in 30 seconds.
Civ guide
Poles
Perfil
Jugador #1970693